[Event "January 2 Early 2024"]
[Site "https://www.chess.com"]
[Date "2024.01.02"]
[Round "2"]
[White "Garrido, Denis"]
[Black "Bogumil, Tatiana"]
[Result "1/2-1/2"]
[Board "257"]
[TimeControl "180+1"]
[WhiteFideId "601217"]
[BlackFideId "4110579"]
[WhiteElo "2407"]
[BlackElo "1997"]
[WhiteTeam "FRA"]
[BlackTeam "RUS"]
[WhiteClock "0:00:12"]
[BlackClock "0:00:17"]

1. d4 Nf6 2. c4 c5 3. d5 b5 4. g4 h6 5. cxb5 a6 6. Bg2 d6 7. h3 axb5 8. e4 Nbd7 9. f4 Bb7 10. Ne2 g6 11. Ng3 Bg7 12. h4 h5 13. g5 Ng4 14. Bf3 b4 15. Bxg4 hxg4 16. Qxg4 Ba6 17. h5 Qa5 18. hxg6 Rxh1+ 19. Nxh1 fxg6 20. Qe6 Qb5 21. Qxg6+ Kd8 22. Ng3 Bd4 23. Nd2 Qd3 24. Qg8+ Kc7 25. Qxa8 Qxg3+ 26. Kd1 Bd3 27. Qa7+ Kc8 28. Qa8+ Kc7 29. Qc6+ Kd8 30. Qa8+ Kc7 1/2-1/2

[Event "January 2 Early 2024"]
[Site "https://www.chess.com"]
[Date "2024.01.02"]
[Round "2"]
[White "Herman, Daniel"]
[Black "Winkels, Marcel"]
[Result "1/2-1/2"]
[Board "258"]
[TimeControl "180+1"]
[WhiteFideId "30935008"]
[BlackFideId "1003887"]
[WhiteElo "2405"]
[BlackElo "1995"]
[WhiteTeam "USA"]
[BlackTeam "NED"]
[WhiteClock "0:00:07"]
[BlackClock "0:00:09"]

1. c4 e5 2. Nf3 e4 3. Nd4 Nc6 4. Nxc6 dxc6 5. Nc3 Nf6 6. g3 Be7 7. Bg2 Bf5 8. O-O O-O 9. b3 Qd7 10. Qc2 e3 11. d3 exf2+ 12. Kh1 Bc5 13. Nd1 Bh3 14. Nxf2 Bxf2 15. Rxf2 Bxg2+ 16. Rxg2 Rfe8 17. Bb2 Ng4 18. e4 Re6 19. Qc3 f6 20. h3 Nh6 21. Kh2 Rd8 22. d4 Rxe4 23. Rf1 Rde8 24. Rgf2 Re2 25. Qf3 Rxf2+ 26. Rxf2 Nf7 27. Re2 Ng5 28. Qg2 Rxe2 29. Qxe2 Qxh3+ 30. Kg1 Qd7 31. Qe3 h6 32. Bc3 Kh7 33. Bb2 Qh3 34. Bc3 Qg4 35. Kg2 Qh3+ 36. Kg1 Qf5 37. Kg2 Qe4+ 38. Qxe4+ Nxe4 39. Bb4 Kg6 40. Be7 Ng5 41. d5 cxd5 42. cxd5 Ne4 43. Bd8 Nc3 44. Bxc7 Nxd5 45. Ba5 Kf5 46. Kf3 g5 47. g4+ Ke5 48. Bd2 f5 49. Ba5 f4 50. Bd8 Kd4 51. Ba5 Nf6 52. Bd8 Ng8 53. Ke2 Ke4 54. Kf2 f3 55. Bc7 Nf6 56. Kg3 Nd5 57. Bd8 Nf4 58. Bf6 Ne2+ 59. Kf2 Kf4 60. Bg7 Kxg4 61. Bxh6 Kf4 62. Bxg5+ Kxg5 63. Kxf3 Nd4+ 64. Ke4 Nc6 65. Kd5 Kf6 66. Kd6 Nb4 67. Kc7 Nxa2 68. Kxb7 Nc1 69. b4 Nd3 70. b5 Ne5 71. Kxa7 Ke6 72. b6 Nc6+ 73. Kb7 Kd5 74. Kc7 Kc5 75. b7 Kb5 76. b8=Q+ Nxb8 1/2-1/2

[Event "January 2 Early 2024"]
[Site "https://www.chess.com"]
[Date "2024.01.02"]
[Round "2"]
[White "Desideri, Ricardo Maruchi"]
[Black "Khromkin, Andrey"]
[Result "0-1"]
[Board "259"]
[TimeControl "180+1"]
[WhiteFideId "2110440"]
[BlackFideId "4154126"]
[WhiteElo "1985"]
[BlackElo "2403"]
[WhiteTeam "BRA"]
[BlackTeam "RUS"]
[WhiteClock "0:00:18"]
[BlackClock "0:02:24"]

1. e4 d5 2. exd5 Qxd5 3. Nc3 Qd6 4. d3 Nf6 5. Nf3 b6 6. Be2 Bb7 7. O-O e6 8. Nb5 Qd7 9. a4 a6 10. Nc3 Nc6 11. Bg5 Be7 12. Nd2 Nd4 13. Nde4 Nf5 14. Bxf6 gxf6 15. Bf3 O-O-O 16. a5 b5 17. Re1 Nd4 18. Na2 Nxf3+ 19. gxf3 Rhg8+ 20. Ng3 f5 21. Kh1 Qc6 22. Nb4 Qxf3+ 23. Qxf3 Bxf3+ 24. Kg1 f4 0-1

[Event "January 2 Early 2024"]
[Site "https://www.chess.com"]
[Date "2024.01.02"]
[Round "2"]
[White "Begunov, Konstantin"]
[Black "Smirnov, Timofey"]
[Result "1-0"]
[Board "260"]
[TimeControl "180+1"]
[WhiteFideId "4118510"]
[BlackFideId "24176427"]
[WhiteElo "2402"]
[BlackElo "1980"]
[WhiteTeam "RUS"]
[BlackTeam "RUS"]
[WhiteClock "0:01:11"]
[BlackClock "0:00:13"]

1. d4 d5 2. c4 c6 3. Nc3 Nf6 4. Nf3 e6 5. cxd5 exd5 6. Bg5 Nbd7 7. e3 Qa5 8. Nd2 Bb4 9. Qc2 O-O 10. Bd3 h6 11. Bh4 Re8 12. O-O Bxc3 13. bxc3 Qc7 14. c4 dxc4 15. Bxc4 Nb6 16. Bxf6 gxf6 17. Qg6+ Kf8 18. Qxh6+ Ke7 19. Bxf7 Rf8 20. Bb3 Be6 21. Ne4 Bxb3 22. axb3 Nd5 23. Ng3 Rae8 24. e4 Nf4 25. e5 fxe5 26. dxe5 Kd8 27. Rxa7 Qb8 28. Rfa1 1-0

[Event "January 2 Early 2024"]
[Site "https://www.chess.com"]
[Date "2024.01.02"]
[Round "2"]
[White "Murthy, Pappu"]
[Black "Samaganova, Aleksandra"]
[Result "1-0"]
[Board "261"]
[TimeControl "180+1"]
[WhiteFideId "2013401"]
[BlackFideId "13800221"]
[WhiteElo "1975"]
[BlackElo "2401"]
[WhiteTeam "USA"]
[BlackTeam "KGZ"]
[WhiteClock "0:00:58"]
[BlackClock "0:00:33"]

1. e4 c5 2. Nf3 e6 3. d4 cxd4 4. Nxd4 a6 5. c4 Qc7 6. Nc3 Nf6 7. Bd3 b6 8. O-O Bb7 9. Be3 d6 10. Rc1 Nbd7 11. a3 Be7 12. b4 Rc8 13. f4 O-O 14. g4 g6 15. g5 Nh5 16. Be2 Ng7 17. Qe1 Qb8 18. f5 exf5 19. exf5 gxf5 20. Nxf5 Nxf5 21. Rxf5 Ne5 22. Qh4 Ng6 23. Qh6 Rfe8 24. Rxf7 Kxf7 25. Qxh7+ Ke6 26. Bg4+ Ke5 27. Qg7+ Bf6 28. Qxf6# 1-0

[Event "January 2 Early 2024"]
[Site "https://www.chess.com"]
[Date "2024.01.02"]
[Round "2"]
[White "Lorenzo De La Riva, Lazaro"]
[Black "Forgacs, Attila Jr."]
[Result "1-0"]
[Board "262"]
[TimeControl "180+1"]
[WhiteFideId "2268809"]
[BlackFideId "773654"]
[WhiteElo "1964"]
[BlackElo "2399"]
[WhiteTeam "ESP"]
[BlackTeam "HUN"]
[WhiteClock "0:00:51"]
[BlackClock "0:00:09"]

1. Nf3 a6 2. d3 Nf6 3. Nbd2 g6 4. e4 Bg7 5. e5 Nd5 6. c4 Nb6 7. Ne4 O-O 8. Bf4 d5 9. exd6 cxd6 10. Qd2 Bf5 11. Bh6 Nxc4 12. dxc4 Bxe4 13. Bxg7 Kxg7 14. Qd4+ e5 15. Qxe4 Qa5+ 16. Nd2 Nc6 17. Qd5 Qb4 18. O-O-O Nd4 19. Nf3 Nxf3 20. gxf3 Rfd8 21. h4 b5 22. Kb1 Rab8 23. cxb5 axb5 24. h5 Ra8 25. hxg6 hxg6 26. Bd3 Qf4 27. Qe4 Qf6 28. Bxb5 d5 29. Rxd5 Rxd5 30. Qxd5 Rb8 31. a4 Rd8 32. Qc6 Qf5+ 33. Ka2 Rd2 34. Qe8 Kf6 35. Qh8+ Ke7 36. Rc1 Rc2 37. Rd1 Qe6+ 38. Kb1 Rc7 39. Qd8# 1-0

[Event "January 2 Early 2024"]
[Site "https://www.chess.com"]
[Date "2024.01.02"]
[Round "2"]
[White "Kanter, Eduard"]
[Black "Zepeda Berlanga, Jan Enrique"]
[Result "1-0"]
[Board "263"]
[TimeControl "180+1"]
[WhiteFideId "4103963"]
[BlackFideId "5132355"]
[WhiteElo "2399"]
[BlackElo "1964"]
[WhiteTeam "RUS"]
[BlackTeam "MEX"]
[WhiteClock "0:00:19"]
[BlackClock "0:00:00"]

1. d4 Nf6 2. c4 g6 3. Nc3 Bg7 4. e4 d6 5. Nf3 O-O 6. Be2 e5 7. O-O Nc6 8. d5 Ne7 9. Ne1 c6 10. Be3 Ne8 11. f3 f5 12. g4 Nf6 13. Ng2 f4 14. Bf2 g5 15. h4 h6 16. h5 Bd7 17. dxc6 Bxc6 18. Qd2 Rc8 19. Rfd1 Ne8 20. Ne1 Kh7 21. Nc2 b6 22. Nb4 Bb7 23. Nb5 a5 24. Nxd6 Nxd6 25. Qxd6 axb4 26. Bxb6 Qxd6 27. Rxd6 Nc6 28. Rd7 Ba8 29. Bd3 Nd4 30. Bxd4 exd4 31. Kf2 Rfd8 32. e5+ Kh8 33. e6 Rxd7 34. exd7 Rd8 35. Re1 Bc6 36. a3 bxa3 37. b4 Bxd7 38. Ra1 Ra8 39. b5 Be5 40. c5 Ra5 41. c6 Bc8 42. b6 Rc5 43. Be4 d3 44. Rxa3 d2 45. Rd3 Rb5 46. b7 Be6 47. Rxd2 Kg7 48. Rd8 Bc7 49. Rc8 Bb6+ 50. Ke2 Ba7 51. c7 Rb2+ 52. Kd3 Rb3+ 53. Kc2 Bd4 54. b8=Q 1-0

[Event "January 2 Early 2024"]
[Site "https://www.chess.com"]
[Date "2024.01.02"]
[Round "2"]
[White "Cornelison, Paul"]
[Black "Skibbe, Willi"]
[Result "0-1"]
[Board "264"]
[TimeControl "180+1"]
[WhiteFideId "2004186"]
[BlackFideId "4682190"]
[WhiteElo "1948"]
[BlackElo "2399"]
[WhiteTeam "USA"]
[BlackTeam "GER"]
[WhiteClock "0:01:21"]
[BlackClock "0:01:17"]

1. e4 e6 2. d4 d5 3. Nc3 Nf6 4. Bg5 dxe4 5. f3 exf3 6. Nxf3 Be7 7. Bd3 Nbd7 8. O-O h6 9. Bh4 O-O 10. Ne2 Nd5 11. Bf2 c5 12. c3 cxd4 13. Nexd4 Bf6 14. Ne2 Ne5 15. Nxe5 Bxe5 16. Qc2 Qc7 17. a3 Bxh2+ 18. Kh1 Be5 19. Rae1 Bd7 20. Nd4 Nf4 21. Be4 Nh5 22. Nf3 Ng3+ 23. Bxg3 Bxg3 24. Re3 Bb5 25. Bh7+ Kh8 26. Bd3 Bxd3 27. Qxd3 Rad8 28. Qe2 Bf4 29. Rd3 Rxd3 30. Qxd3 Rd8 31. Qe4 Bg3 32. Nh4 Bxh4 33. Qxh4 f6 34. Rf2 Rd1+ 0-1

[Event "January 2 Early 2024"]
[Site "https://www.chess.com"]
[Date "2024.01.02"]
[Round "2"]
[White "Topalov, Aleksandar"]
[Black "Castillo Pena, Patricia Evarista"]
[Result "1-0"]
[Board "265"]
[TimeControl "180+1"]
[WhiteFideId "925659"]
[BlackFideId "6412106"]
[WhiteElo "2398"]
[BlackElo "1922"]
[WhiteTeam "SRB"]
[BlackTeam "DOM"]
[WhiteClock "0:01:34"]
[BlackClock "0:00:01"]

1. b3 d5 2. Bb2 c5 3. e3 Nf6 4. Nf3 Bf5 5. Bb5+ Nc6 6. Ne5 Rc8 7. O-O e6 8. f4 Bd6 9. Bxc6+ bxc6 10. d3 O-O 11. Nd2 Qc7 12. Qe2 Rfd8 13. h3 h6 14. Kh1 d4 15. e4 Bh7 16. Ndc4 Bf8 17. Bc1 Nd7 18. Bd2 Nxe5 19. fxe5 Be7 20. Ba5 Qd7 21. Bxd8 Qxd8 22. Qf3 Bg6 23. Rf2 Bh4 24. g3 Be7 25. Raf1 Qe8 26. h4 h5 27. g4 hxg4 28. Qxg4 f5 29. exf6 Bxf6 30. Nd6 1-0

[Event "January 2 Early 2024"]
[Site "https://www.chess.com"]
[Date "2024.01.02"]
[Round "2"]
[White "Carre, Sylvain"]
[Black "Thake, Conrad"]
[Result "1-0"]
[Board "266"]
[TimeControl "180+1"]
[WhiteFideId "642118"]
[BlackFideId "5602947"]
[WhiteElo "2398"]
[BlackElo "1879"]
[WhiteTeam "FRA"]
[BlackTeam "MLT"]
[WhiteClock "0:00:42"]
[BlackClock "0:00:09"]

1. d4 Nf6 2. Bf4 c5 3. e3 d5 4. c3 Qb6 5. Qb3 e6 6. Nd2 Nc6 7. Ngf3 c4 8. Qc2 Be7 9. h3 Bd7 10. Rb1 a5 11. e4 a4 12. a3 Na5 13. e5 Nh5 14. Bh2 g6 15. g4 Ng7 16. Bg2 O-O-O 17. O-O Nb3 18. Nxb3 cxb3 19. Qd2 Bb5 20. Rfc1 Bc4 21. Qf4 Rdf8 22. Nd2 Bd3 23. Ra1 h6 24. Bf1 Bg5 25. Bxd3 Bxf4 26. Bxf4 g5 27. Be3 f5 28. exf6 Rxf6 29. c4 Kb8 30. c5 Qc7 31. c6 bxc6 32. Rc5 e5 33. Rac1 e4 34. Bb5 h5 35. Rxc6 Rxc6 36. Rxc6 Qb7 37. Rc5 hxg4 38. hxg4 Ne6 39. Bc6 Qh7 40. Rb5+ Kc7 41. Rb7+ Kxc6 42. Rxh7 Rxh7 43. Nb1 Nf4 44. Nc3 Ra7 45. Kh2 Nd3 46. Nd1 Nf4 47. Kg3 Kb5 48. Bxf4 gxf4+ 49. Kxf4 Kc4 50. Ke3 Rf7 51. g5 Rf3+ 52. Ke2 Rh3 53. g6 Rh6 54. g7 Rg6 55. Nc3 Rxg7 56. Nxa4 Kxd4 57. Nc3 Rc7 58. Nb5+ Kc4 59. Nxc7 d4 60. Kd2 Kc5 61. Ne6+ Kc4 62. a4 Kb4 63. Nxd4 Kxa4 64. Ke3 Kb4 65. Kxe4 Kc4 66. Nxb3 Kxb3 67. f4 Kxb2 68. f5 1-0

[Event "January 2 Early 2024"]
[Site "https://www.chess.com"]
[Date "2024.01.02"]
[Round "2"]
[White "Abdilkhair, Abilmansur"]
[Black "Sokolov, Andrei"]
[Result "1-0"]
[Board "267"]
[TimeControl "180+1"]
[WhiteFideId "13716417"]
[BlackFideId "11600306"]
[WhiteElo "1834"]
[BlackElo "2398"]
[WhiteTeam "KAZ"]
[BlackTeam "LAT"]
[WhiteClock "0:00:41"]
[BlackClock "0:00:00"]

1. e4 e5 2. Nf3 Nc6 3. Bc4 Bc5 4. O-O Nf6 5. d3 O-O 6. c3 a6 7. Re1 Ba7 8. Bg5 h6 9. Bh4 d6 10. Nbd2 Be6 11. Bb3 g5 12. Bg3 Kh8 13. Nf1 Rg8 14. Ne3 h5 15. Bxe6 fxe6 16. h4 g4 17. Ng5 Qe7 18. Qb3 Nd8 19. Rad1 Nh7 20. Nxh7 Qxh7 21. d4 Qxe4 22. dxe5 dxe5 23. Nd5 Qf5 24. Ne7 Qf7 25. Nxg8 Kxg8 26. Rxe5 c5 27. Rg5+ Kf8 28. Bd6+ Ke8 29. Qa4+ b5 30. Qe4 c4 31. Bf4 1-0

[Event "January 2 Early 2024"]
[Site "https://www.chess.com"]
[Date "2024.01.02"]
[Round "2"]
[White "Babayeva, Nasrin"]
[Black "Tiarks, Jann-Christian"]
[Result "0-1"]
[Board "268"]
[TimeControl "180+1"]
[WhiteFideId "13416626"]
[BlackFideId "12951595"]
[WhiteElo "1799"]
[BlackElo "2397"]
[WhiteTeam "AZE"]
[BlackTeam "GER"]
[WhiteClock "0:00:43"]
[BlackClock "0:01:39"]

1. c4 c5 2. g3 Nc6 3. Bg2 g6 4. Nc3 Bg7 5. d3 e5 6. Nf3 Nge7 7. O-O O-O 8. a3 a5 9. Ne1 d6 10. Nc2 Be6 11. Ne3 Rb8 12. Rb1 Qd7 13. Ned5 Bh3 14. Bh6 Bxg2 15. Kxg2 Nxd5 16. Nxd5 f5 17. Bxg7 Kxg7 18. b4 axb4 19. axb4 b6 20. b5 Ne7 21. e4 Nxd5 22. exd5 Ra8 23. Ra1 f4 24. f3 Qf5 25. Qe2 h5 26. Qe4 Qg5 27. Kf2 Kh6 28. Rg1 fxg3+ 29. hxg3 Qd2+ 30. Qe2 Rxf3+ 0-1

[Event "January 2 Early 2024"]
[Site "https://www.chess.com"]
[Date "2024.01.02"]
[Round "2"]
[White "Shadhursshaan R"]
[Black "Gulamirian, Korun"]
[Result "1-0"]
[Board "269"]
[TimeControl "180+1"]
[WhiteFideId "45024138"]
[BlackFideId "4144899"]
[WhiteElo "2397"]
[BlackElo "1558"]
[WhiteTeam "IND"]
[BlackTeam "RUS"]
[WhiteClock "0:01:23"]
[BlackClock "0:00:00"]

1. d4 Nf6 2. c4 c5 3. d5 b5 4. cxb5 a6 5. bxa6 Bxa6 6. Nc3 g6 7. e4 Bxf1 8. Kxf1 Bg7 9. e5 Ng8 10. f4 e6 11. Nf3 Ne7 12. dxe6 fxe6 13. Be3 Qb6 14. Ne4 Qa6+ 15. Qe2 Qxe2+ 16. Kxe2 d6 17. Nxd6+ Kd7 18. Rhd1 Nd5 19. Ne4 c4 20. Nc5+ Ke7 21. Ng5 c3 22. Ncxe6 Nxe3 23. Kxe3 cxb2 24. Rab1 Bh6 25. Rxb2 Bxg5 26. Nxg5 Ra7 27. Rb6 Nd7 28. Re6+ Kd8 29. Nf7+ Kc8 30. Rc1+ Rc7 31. Nxh8 Rxc1 32. Kd2 1-0

[Event "January 2 Early 2024"]
[Site "https://www.chess.com"]
[Date "2024.01.02"]
[Round "3"]
[White "Carlsen, Magnus"]
[Black "Bologan, Victor"]
[Result "1-0"]
[Board "1"]
[TimeControl "180+1"]
[WhiteFideId "1503014"]
[BlackFideId "13900048"]
[WhiteElo "3366"]
[BlackElo "2805"]
[WhiteTeam "NOR"]
[BlackTeam "MDA"]
[WhiteClock "0:01:16"]
[BlackClock "0:00:35"]

1. e4 c5 2. Nf3 d6 3. c3 Nf6 4. Bd3 Bg4 5. h3 Bh5 6. Be2 e6 7. O-O Be7 8. d3 O-O 9. Be3 Nc6 10. Nbd2 d5 11. Re1 e5 12. Bg5 dxe4 13. dxe4 Qc7 14. Qc2 h6 15. Bxf6 Bxf6 16. Nc4 Bxf3 17. Bxf3 g6 18. g3 h5 19. h4 Bg7 20. a4 Bh6 21. Red1 Rad8 22. Rd5 b6 23. Rad1 Ne7 24. Rxd8 Rxd8 25. Rxd8+ Qxd8 26. Nxe5 Qd2 27. Qxd2 Bxd2 28. Kf1 f6 29. Nc4 Bh6 30. e5 Kf7 31. Ke2 Ke6 32. exf6 Kxf6 33. a5 bxa5 34. Nxa5 Bc1 35. b3 Ke6 36. Kd3 Bh6 37. Nb7 Ke5 38. Nxc5 Nf5 39. Be4 Ne7 40. b4 Kd6 41. c4 g5 42. hxg5 Bxg5 43. Bf3 Bc1 44. Bxh5 Ba3 45. Ne4+ Ke5 46. f4+ Kf5 47. b5 1-0

[Event "January 2 Early 2024"]
[Site "https://www.chess.com"]
[Date "2024.01.02"]
[Round "3"]
[White "Holt, Conrad"]
[Black "Nakamura, Hikaru"]
[Result "0-1"]
[Board "2"]
[TimeControl "180+1"]
[WhiteFideId "2034387"]
[BlackFideId "2016192"]
[WhiteElo "2798"]
[BlackElo "3239"]
[WhiteTeam "USA"]
[BlackTeam "USA"]
[WhiteClock "0:00:00"]
[BlackClock "0:01:14"]

1. d4 b6 2. e4 Bb7 3. Bd3 e6 4. Nf3 d5 5. e5 c5 6. c3 Qd7 7. O-O Ba6 8. Re1 Bxd3 9. Qxd3 Ne7 10. h4 h5 11. Bg5 Nf5 12. Nbd2 Nc6 13. a3 Be7 14. b4 Bxg5 15. hxg5 cxd4 16. cxd4 Nce7 17. Rec1 O-O 18. Nf1 Rfc8 19. Ne3 Rxc1+ 20. Rxc1 Rc8 21. Rc3 Nxe3 22. Qxe3 Rc4 23. g3 Qc6 24. Rd3 Nf5 25. Qe2 Rc3 26. Rxc3 Qxc3 27. g6 fxg6 28. Qd1 b5 29. Kg2 a6 30. Kg1 Kf8 31. Ng5 Ke7 32. Nf3 Qxa3 33. Qc1 Qxc1+ 0-1

[Event "January 2 Early 2024"]
[Site "https://www.chess.com"]
[Date "2024.01.02"]
[Round "3"]
[White "ilqar_74"]
[Black "Vachier-Lagrave, Maxime"]
[Result "0-1"]
[Board "3"]
[TimeControl "180+1"]
[BlackFideId "623539"]
[WhiteElo "2797"]
[BlackElo "3189"]
[BlackTeam "FRA"]
[WhiteClock "0:00:03"]
[BlackClock "0:01:09"]

1. e4 c5 2. Nf3 Nc6 3. d4 cxd4 4. Nxd4 Nf6 5. Nc3 e5 6. Ndb5 d6 7. Bg5 a6 8. Na3 b5 9. Nd5 Be7 10. Bxf6 Bxf6 11. c4 b4 12. Nc2 O-O 13. Qf3 Rb8 14. Nxf6+ Qxf6 15. Qxf6 gxf6 16. O-O-O Rd8 17. b3 f5 18. Bd3 f4 19. f3 Kf8 20. g3 Ke7 21. g4 a5 22. Kb2 Be6 23. h3 h5 24. Bf1 Rh8 25. Bg2 Rbg8 26. Kc1 Rh7 27. Rdg1 Nd8 28. Bf1 Bd7 29. Kd2 Ne6 30. Ke1 Nc5 31. Kd2 Be6 32. Kc1 f6 33. Kb2 Rhg7 34. Be2 Kd7 35. Rd1 Kc6 36. Rd2 Rh8 37. Rhd1 Rd7 38. a3 bxa3+ 39. Nxa3 hxg4 40. hxg4 a4 41. Nb5 axb3 42. Rxd6+ Rxd6 43. Rxd6+ Kb7 44. Rd2 Rh2 45. Kc3 Bxg4 46. Nd6+ Kc6 47. fxg4 b2 48. Kc2 f3 0-1

[Event "January 2 Early 2024"]
[Site "https://www.chess.com"]
[Date "2024.01.02"]
[Round "3"]
[White "Firouzja, Alireza"]
[Black "De Winter, Arthur"]
[Result "0-1"]
[Board "4"]
[TimeControl "180+1"]
[WhiteFideId "12573981"]
[BlackFideId "1069020"]
[WhiteElo "3161"]
[BlackElo "2795"]
[WhiteTeam "FRA"]
[BlackTeam "NED"]
[WhiteClock "0:00:00"]
[BlackClock "0:00:08"]

1. d4 Nf6 2. Bg5 d5 3. e3 c5 4. Bxf6 gxf6 5. dxc5 Nc6 6. Bb5 e6 7. b4 a5 8. c3 Bg7 9. Ne2 O-O 10. O-O axb4 11. Bxc6 bxc6 12. cxb4 Ba6 13. Nbc3 f5 14. Rc1 e5 15. b5 Bxb5 16. Nxb5 cxb5 17. Nc3 d4 18. exd4 Qxd4 19. Nxb5 Qf4 20. g3 Qh6 21. c6 f4 22. c7 e4 23. Qg4 fxg3 24. hxg3 f5 25. Qf4 Qe6 26. Nd6 Bh6 27. Qh4 Bxc1 28. Rxc1 Qxd6 29. Qg5+ Qg6 30. Qf4 Rac8 31. Rc5 Rf7 32. a4 Qg7 33. Qd6 Rfxc7 34. Rxf5 e3 35. Qe6+ Kh8 36. Qxe3 Re7 37. Qf4 Ra7 38. a5 Qa1+ 39. Kg2 Rg8 40. Re5 Qc3 41. Qf6+ Rag7 42. a6 Qc8 43. Re6 Qa8+ 44. Kg1 Rf8 45. Qe5 Qf3 46. Qd4 Kg8 47. Qe3 Qxe3 48. Rxe3 Ra7 49. Re6 Rfa8 50. Kg2 Rxa6 51. Re5 Ra5 52. Re4 R5a7 53. f4 Rf7 54. Kf3 Ra3+ 55. Kf2 Rg7 0-1

[Event "January 2 Early 2024"]
[Site "https://www.chess.com"]
[Date "2024.01.02"]
[Round "3"]
[White "Haug, Havard"]
[Black "Paravyan, David"]
[Result "0-1"]
[Board "5"]
[TimeControl "180+1"]
[WhiteFideId "1547887"]
[BlackFideId "4194985"]
[WhiteElo "2788"]
[BlackElo "3098"]
[WhiteTeam "NOR"]
[BlackTeam "FID"]
[WhiteClock "0:00:39"]
[BlackClock "0:02:39"]

1. e4 e5 2. Nf3 Nf6 3. Nxe5 d6 4. Nf3 Nxe4 5. d3 Nf6 6. d4 d5 7. Bd3 c5 8. dxc5 Bxc5 9. O-O O-O 10. Nbd2 Nc6 11. Nb3 Bb6 12. Bg5 Bg4 13. c3 Re8 14. h3 Bh5 15. Nbd2 h6 16. Bxf6 Qxf6 17. Qc2 Ne5 18. Nxe5 Rxe5 19. Kh1 Rae8 20. Nb3 Be2 21. Bxe2 Rxe2 22. Qd3 Rxf2 23. Rxf2 Qxf2 24. Nd4 Re1+ 25. Rxe1 Qxe1+ 26. Kh2 Bc7+ 27. g3 Qf2+ 28. Kh1 Bxg3 29. Nf3 g6 30. Qxd5 Qf1+ 31. Ng1 Bf2 32. Qg2 Qxg1+ 33. Qxg1 Bxg1 34. Kxg1 f5 35. c4 g5 36. b4 Kf7 37. c5 Ke6 38. a4 Kd5 39. a5 a6 0-1

[Event "January 2 Early 2024"]
[Site "https://www.chess.com"]
[Date "2024.01.02"]
[Round "3"]
[White "Khripachenko, Alexander"]
[Black "Martinez Alcantara, Jose Eduardo"]
[Result "1-0"]
[Board "6"]
[TimeControl "180+1"]
[WhiteFideId "54184975"]
[BlackFideId "3805662"]
[WhiteElo "2786"]
[BlackElo "3074"]
[WhiteTeam "FID"]
[BlackTeam "PER"]
[WhiteClock "0:01:08"]
[BlackClock "0:01:32"]

1. e4 c5 2. Nf3 d6 3. d4 cxd4 4. Nxd4 a6 5. c4 e6 6. Nc3 Nf6 7. Be3 b6 8. Be2 Bb7 9. f3 h5 10. Qd2 Nbd7 11. O-O Rc8 12. Rfd1 Be7 13. Rac1 O-O 14. b4 Qc7 15. Nb3 Rfd8 16. Na4 Ba8 17. Bf1 Rb8 18. Qf2 Rdc8 19. c5 bxc5 20. bxc5 d5 21. Nb6 dxe4 22. Nxc8 Qxc8 23. c6 Bxc6 24. Na5 Ne5 25. Bf4 Nfd7 26. Nxc6 Nxc6 27. Bxb8 Ndxb8 28. Qb6 exf3 29. Bxa6 Qf8 30. Rxc6 Nxc6 31. Qxc6 fxg2 32. Qc8 1-0

[Event "January 2 Early 2024"]
[Site "https://www.chess.com"]
[Date "2024.01.02"]
[Round "3"]
[White "Sadhwani, Raunak"]
[Black "Suyarov, Mukhammadzokhid"]
[Result "1-0"]
[Board "7"]
[TimeControl "180+1"]
[WhiteFideId "35093487"]
[BlackFideId "14210495"]
[WhiteElo "3071"]
[BlackElo "2780"]
[WhiteTeam "IND"]
[BlackTeam "UZB"]
[WhiteClock "0:00:09"]
[BlackClock "0:00:00"]

1. e4 e6 2. d4 d5 3. exd5 exd5 4. Bd3 Nc6 5. c3 Bd6 6. Nf3 Nge7 7. O-O O-O 8. h3 Bf5 9. Re1 Qd7 10. Bxf5 Nxf5 11. Nbd2 Rfe8 12. Nf1 Rxe1 13. Qxe1 Re8 14. Qd1 h6 15. Bd2 a6 16. Qc2 Re4 17. Re1 Qe6 18. b3 b5 19. Rxe4 dxe4 20. N3h2 Nce7 21. Ng4 Nh4 22. Ngh2 g5 23. c4 c6 24. g3 Nhg6 25. Ng4 Kg7 26. Bc3 Kf8 27. Nd2 h5 28. Ne3 f5 29. Bb2 f4 30. d5 Qxh3 31. Nxe4 fxe3 32. Nxd6 h4 33. Ne4 hxg3 34. fxg3 Nf5 35. Qg2 Qg4 36. dxc6 e2 37. Bc3 Ke7 38. c7 Ne3 39. c8=Q Qxc8 40. Qxe2 Nf5 41. Bb4+ Kf7 42. Qf3 Ne5 43. Nd6+ Kg6 44. Qd5 Qh8 45. Qe6+ Qf6 46. Qe8+ Nf7 47. Qg8+ Ng7 48. Nxf7 Qxf7 49. Qxf7+ Kxf7 50. cxb5 axb5 51. a4 bxa4 52. bxa4 Ne6 53. a5 Nc7 54. Bd2 Kg6 55. Kf2 Kf5 56. Ke3 Nb5 57. Kd3 Nc7 58. Kc4 g4 59. Kc5 Ke6 60. Kc6 Na6 61. Bc3 Nb8+ 62. Kb7 Nd7 63. a6 Nc5+ 64. Kb6 Na4+ 65. Kc6 1-0

[Event "January 2 Early 2024"]
[Site "https://www.chess.com"]
[Date "2024.01.02"]
[Round "3"]
[White "Hammer, Jon Ludvig"]
[Black "Caruana, Fabiano"]
[Result "0-1"]
[Board "8"]
[TimeControl "180+1"]
[WhiteFideId "1503707"]
[BlackFideId "2020009"]
[WhiteElo "2780"]
[BlackElo "3047"]
[WhiteTeam "NOR"]
[BlackTeam "USA"]
[WhiteClock "0:00:00"]
[BlackClock "0:00:05"]

1. Nf3 Nf6 2. c4 d6 3. d4 g6 4. g3 Bg7 5. Bg2 O-O 6. O-O c6 7. Nc3 Bf5 8. Re1 Ne4 9. Qb3 Nxc3 10. Qxc3 Be4 11. Bg5 h6 12. Be3 Nd7 13. Qd2 h5 14. Bh6 Nf6 15. Rad1 a5 16. b3 a4 17. Bxg7 Kxg7 18. b4 b5 19. cxb5 cxb5 20. Ng5 Bxg2 21. Kxg2 Rc8 22. e4 Rc4 23. e5 Nd5 24. e6 Qa8 25. Kg1 f5 26. Nf7 Rxf7 27. exf7 Kxf7 28. Qh6 Qf8 29. Qxf8+ Kxf8 30. a3 Kf7 31. Rd3 g5 32. Kg2 Rc2 33. Red1 g4 34. R1d2 Rc8 35. h3 Kf6 36. hxg4 hxg4 37. Rd1 f4 38. R1d2 f3+ 39. Kh2 Kf5 40. Rd1 Rc2 41. Kg1 Re2 42. Kf1 Rc2 43. R3d2 Rc8 44. Re1 e6 45. Rd3 Rc2 46. Red1 Rc4 47. R1d2 Rc8 48. Rd1 Ke4 49. R3d2 Rh8 50. Re1+ Kf5 51. Kg1 Nc3 52. Re3 Ne2+ 53. Rexe2 fxe2 54. Rxe2 Rc8 55. Re3 Rc4 56. Rd3 Ke4 57. Re3+ Kd5 58. f3 gxf3 59. Kf2 Rxd4 60. Kxf3 e5 61. g4 Ke6 62. Rc3 Rd1 63. Rc6 Rd3+ 64. Ke4 Rxa3 65. Rb6 Rg3 66. Rxb5 Rxg4+ 67. Kf3 Rf4+ 68. Ke3 d5 69. Rb6+ Kf5 70. Rb8 d4+ 71. Kd3 a3 72. Ra8 Rf3+ 73. Kc4 Rc3+ 74. Kd5 d3 75. Rf8+ Kg4 76. Ke4 d2 77. Rg8+ Kh3 78. Rg1 Rc1 0-1

[Event "January 2 Early 2024"]
[Site "https://www.chess.com"]
[Date "2024.01.02"]
[Round "3"]
[White "Krzyzanowski, Marcin"]
[Black "Makarian, Rudik"]
[Result "1-0"]
[Board "9"]
[TimeControl "180+1"]
[WhiteFideId "1132199"]
[BlackFideId "44105681"]
[WhiteElo "2777"]
[BlackElo "3043"]
[WhiteTeam "POL"]
[BlackTeam "FID"]
[WhiteClock "0:00:18"]
[BlackClock "0:00:10"]

1. e4 c5 2. Nf3 d6 3. d4 cxd4 4. Nxd4 Nf6 5. Nc3 Nc6 6. Bg5 Bd7 7. Qd2 Nxd4 8. Qxd4 h6 9. Bxf6 gxf6 10. O-O-O Qa5 11. f4 Rc8 12. Kb1 Qc5 13. Qd2 h5 14. Bd3 Bg7 15. Rhe1 b5 16. Nd5 e6 17. Ne3 Ke7 18. g3 a5 19. Bf1 Bc6 20. Bg2 b4 21. Nd5+ Kd8 22. Nxf6 Bxf6 23. e5 Be7 24. exd6 Bf6 25. d7 Rc7 26. Bxc6 Qxc6 27. Qe2 Rxd7 28. f5 Rxd1+ 29. Rxd1+ Ke7 30. fxe6 fxe6 31. Qd3 a4 32. Qe3 Rc8 33. Qd3 Rf8 34. Qe3 Qc7 35. Qe4 Qb6 36. Qh7+ Rf7 37. Qg8 a3 38. Qc8 Qa7 39. Qd8# 1-0